 Dungeon Crawl Stone Soup version 0.21.1-1-g345015f (webtiles) character file.

556 grindst0ne the Fighter (level 7, 0/63 HPs)
             Began as a Formicid Hunter on Mar 1, 2018.
             Was an Initiate of Okawaru.
             Slain by an ogre
             ... wielding a +0 giant club
              (19 damage)
             ... on level 5 of the Dungeon.
             The game lasted 00:06:23 (4256 turns).

grindst0ne the Fighter (Formicid Hunter)            Turns: 4256, Time: 00:06:24

Health: 0/63       AC:  9    Str: 17    XL:     7   Next: 56%
Magic:  7/7        EV:  7    Int: 12    God:    Okawaru [......]
Gold:   160        SH:  0    Dex: 11    Spells: 6/6 levels left

rFire    . . .     SeeInvis +   k - +0 hand axe
rCold    . . .     Gourm    .   (no shield)
rNeg     . . .     Faith    .   w - +0 chain mail
rPois    .         Spirit   .   (helmet unavailable)
rElec    .         Reflect  .   (no cloak)
rCorr    .         Harm     .   (no gloves)
MR       .....                  i - +0 pair of boots
Stlth    ..........             (no amulet)
HPRegen  0.20/turn              (no ring)
MPRegen  0.10/turn              (no ring)

@: very slightly contaminated, invisible
A: permanent stasis, dig shafts and tunnels, four strong arms, antennae 3
a: Dig, Shaft Self, Renounce Religion


You were on level 5 of the Dungeon.
You worshipped Okawaru.
Okawaru was noncommittal.
You were not hungry.

You visited 1 branch of the dungeon, and saw 5 of its levels.

You collected 160 gold pieces.

Inventory:

Hand Weapons
 a - a +0 short sword
 k - a +0 hand axe (weapon)
Armour
 b - a +0 leather armour
 i - a +0 pair of boots (worn)
 w - a +0 chain mail (worn)
Jewellery
 q - an uncursed ring of protection from fire {unknown}
 r - an uncursed amulet of guardian spirit {unknown}
 t - an uncursed ring of fire {unknown}
Scrolls
 e - 4 scrolls of remove curse
 m - a scroll of noise {unknown}
 n - a scroll of random uselessness {unknown}
 o - a scroll of fog {unknown}
 p - 2 scrolls of fear {unknown}
 s - a scroll of teleportation {unknown}
Potions
 l - a potion of resistance
 u - 3 potions of curing
 v - a potion of berserk rage
 x - a potion of agility
Comestibles
 f - 5 rations


   Skills:
 + Level 8.6 Fighting
 - Level 4.0 Throwing
 - Level 1.7 Dodging
 - Level 1.2 Stealth


You had 6 spell levels left.
You didn't know any spells.

Dungeon Overview and Level Annotations

Branches:
Dungeon (5/15)
 Temple: D:4-7

Altars:
Dithmenos
Makhleb
Okawaru
Vehumet
Wu Jian
Yredelemnul

Annotations:
D:3 exclusion: downstairs


Innate Abilities, Weirdness & Mutations

You cannot be hasted, slowed, berserked, paralysed or teleported.
You can dig through walls and to a lower floor.
Your four strong arms can wield two-handed weapons with a shield.
You have a pair of large antennae on your head. (SInv)


Message History

Press: ? - help, Shift-Dir - straight line, f/p - ogre
Aim: an ogre, wielding a giant club (heavily wounded)
You throw a throwing net.
The throwing net barely misses the ogre.
The ogre hits you with a giant club!!
You hit the ogre but do no damage.
The ogre is heavily wounded.
The ogre hits you with a giant club.
Throwing (i - inventory):
d - a throwing net (quivered)
Press: ? - help, Shift-Dir - straight line, f/p - ogre
Aim: an ogre, wielding a giant club (heavily wounded)
You throw a throwing net.
The throwing net barely misses the ogre.
The ogre hits you with a giant club!!
You fade into invisibility!
You are very lightly contaminated with residual magic.
You slash the ogre!
The ogre is severely wounded.
The ogre hits you with a giant club!!
You die...

##########
.........#
.........#
........<#
.......@.#
.......O.#
.......(.#
......(...
..........#
.....(.....
#...........
#....(.(##.##


You could see an ogre.

Vanquished Creatures
  The ghost of grindst0ne the Skirmisher, an amateur FoHu of Zin (D:4)
  A hound (D:4)
  An orc priest (D:3)
  Jessica (D:2)
  Natasha (thrice) (D:2 D:3)
  3 worker ants
  4 adders
  An ooze (D:1)
  3 worms (D:2)
  7 orcs (D:3)
  A ball python (D:4)
  6 bats
  5 giant cockroaches
  2 gnoll zombies (D:2)
  4 goblins
  8 hobgoblins
  4 jackals (D:3)
  4 frilled lizards
  9 kobolds
  2 rats
70 creatures vanquished.

Notes
Turn   | Place    | Note
-------+----------+-------------------------------------------
     0 | D:1      | grindst0ne the Formicid Hunter began the quest for the Orb.
     0 | D:1      | Reached XP level 1. HP: 16/16 MP: 1/1
    95 | D:1      | Reached XP level 2. HP: 9/23 MP: 2/2
    98 | D:1      | Reached skill level 3 in Fighting
   347 | D:1      | Reached XP level 3. HP: 22/29 MP: 3/3
   662 | D:2      | Noticed Natasha
   675 | D:2      | Killed Natasha
   675 | D:2      | Reached skill level 4 in Fighting
   675 | D:2      | Reached XP level 4. HP: 16/38 MP: 4/4
   888 | D:2      | Noticed Natasha
   951 | D:2      | Noticed Jessica
   980 | D:2      | Killed Jessica
   980 | D:2      | Reached skill level 5 in Fighting
  1307 | D:2      | Reached XP level 5. HP: 17/44 MP: 5/5
  1654 | D:2      | Found a basalt altar of Yredelemnul.
  2294 | D:3      | Killed Natasha
  2294 | D:3      | Reached skill level 6 in Fighting
  2345 | D:3      | Noticed Natasha
  2372 | D:3      | Killed Natasha
  2372 | D:3      | Reached XP level 6. HP: 19/53 MP: 6/6
  2986 | D:3      | Reached skill level 7 in Fighting
  3159 | D:3      | Found a shadowy altar of Dithmenos.
  3163 | D:3      | Found an ornate altar of the Wu Jian Council.
  3176 | D:3      | Found a radiant altar of Vehumet.
  3327 | D:4      | Found a burning altar of Makhleb.
  3328 | D:4      | Noticed grindst0ne's ghost (amateur FoHu)
  3947 | D:4      | Killed grindst0ne's ghost
  3947 | D:4      | Reached skill level 8 in Fighting
  3947 | D:4      | Reached XP level 7. HP: 28/63 MP: 7/7
  4211 | D:4      | Found an iron altar of Okawaru.
  4221 | D:4      | Became a worshipper of Warmaster Okawaru
  4246 | D:5      | Entered Level 5 of the Dungeon
  4256 | D:5      | Slain by an ogre

Skill      XL: |  1  2  3  4  5  6 |
---------------+-------------------+-----
Fighting       | 3 4 5 6 8 |  8.6
Throwing       | |  4.0
Dodging        | |  1.7
Stealth        | |  1.2

Action                   |  1- 3 |  4- 6 |  7- 9 || total
-------------------------+-------+-------+-------++-------
Melee: Short sword       |    73 |     5 |       ||    78
       Hand axe          |       |   262 |     2 ||   264
Throw: Javelin           |       |    22 |     4 ||    26
       Throwing net      |       |       |     2 ||     2
 Abil: Dig               |     1 |    17 |       ||    18
  Use: Potion            |       |     6 |     1 ||     7
       Scroll            |       |     6 |       ||     6
 Stab: Sleeping          |       |     1 |       ||     1
  Eat: Chunk             |       |     7 |       ||     7
       Ration            |       |     1 |     1 ||     2
Armor: Leather armour    |    16 |    45 |       ||    61
       Skin              |       |     9 |       ||     9
       Chain mail        |       |    72 |       ||    72
Dodge: Dodged            |    49 |   178 |       ||   227
